 Dungeon Crawl Stone Soup version 0.21-a0-151-ga4fe563 (webtiles) character file.

28 HAL9000 the Ruffian (level 2, 0/23 HPs)
             Began as a Draconian Transmuter on July 30, 2017.
             Slain by a bat (1 damage)
             ... on level 1 of the Dungeon.
             The game lasted 00:04:31 (1018 turns).

HAL9000 the Ruffian (Draconian Transmuter)          Turns: 1018, Time: 00:04:32

Health: 0/23       AC:  4    Str: 12    XL:     2   Next: 96%
Magic:  1/5        EV: 12    Int: 13    God:
Gold:   24         SH:  0    Dex: 11    Spells: 2/5 levels left

rFire    . . .     SeeInvis .     - Unarmed
rCold    . . .     Gourm    .   (no shield)
rNeg     . . .     Faith    .   (armour unavailable)
rPois    .         Spirit   .   (helmet restricted)
rElec    .         Reflect  .   (no cloak)
rCorr    .         Harm     .   (no gloves)
MR       .....                  (no boots)
Stlth    +.........             (no amulet)
HPRegen  0.07/turn              (no ring)
MPRegen  0.09/turn              (no ring)

@: lethally poisoned (0 -> -18), very slightly contaminated
A: unfitting armour, cold-blooded, AC +4
a: no special abilities


You were on level 1 of the Dungeon.
You were hungry.

You visited 1 branch of the dungeon, and saw 1 of its levels.

You collected 24 gold pieces.

Inventory:

Missiles
 a - 9 arrows
Armour
 g - a +0 pair of boots
Scrolls
 d - a scroll of identify {unknown}
 e - a scroll of magic mapping {unknown}
Potions
 f - a potion of lignification {unknown}
 h - a potion of resistance {unknown}
 i - 2 potions of mutation {unknown}
Books
 b - a book of Changes

   Spells                             Type                      Level
   a - Beastly Appendage              Transmutation                1
   b - Sticks to Snakes               Transmutation                2
   c - Spider Form                    Transmutation/Poison         3
   d - Ice Form                       Ice/Transmutation            4
   e - Blade Hands                    Transmutation                5
Comestibles
 c - 2 bread rations


   Skills:
 - Level 1.1 Fighting
 - Level 1.7 Dodging
 + Level 3.6 Unarmed Combat
 - Level 2.0 Spellcasting
 + Level 2.8 Transmutations


You had 2 spell levels left.
You knew the following spells:

 Your Spells              Type           Power        Failure   Level  Hunger
a - Beastly Appendage     Tmut           #.....       9%          1    ##.....
b - Sticks to Snakes      Tmut           #.......     12%         2    ###....


Dungeon Overview and Level Annotations

Branches:
Dungeon (1/15)

Altars:


Innate Abilities, Weirdness & Mutations

Your plain brown scales are hard. (AC +4)
You cannot fit into any form of body armour.
You are cold-blooded and may be slowed by cold attacks.


Message History

The bat hits you.
Your ball python closely misses the goblin.
Your ball python grabs the goblin.
Your ball python constricts the goblin.
* * * LOW HITPOINT WARNING * * *
You feel sick.
The goblin struggles to escape constriction.
The bat hits you but does no damage.
Your ball python bites the goblin.
Your ball python constricts the goblin.
* * * LOW HITPOINT WARNING * * *
You feel sick. The bat hits you but does no damage.
The goblin barely misses your ball python.
Your ball python bites the goblin.
The goblin dies!
* * * LOW HITPOINT WARNING * * *
You feel sick.
Your ball python closely misses the goblin. x2
The bat hits you but does no damage.
* * * LOW HITPOINT WARNING * * *
You feel sick. The bat hits you.
You die...

...†..####.# #.###........ #.#
#.....####.###.#.......... #.#
..............>#.)#....... #.#
#.....####.....#.S######## #.#
#.....# #.....#g.# #.# #.....#
#.....#..# #.# #.....#
#.....#..# #.# #.....#
##.....#b.# #.# #.....#
#......#@.# #.#
#.....###....(.#..# #.#
.......##......#..########## #.#
.......##....(.......)...... #.#
.......##....#..#.########## #.#
.......##....#..#.# #.#
.......##....#....# #.#
.......##....##...############.#
..##...##....##..).............#


You could see a goblin, a bat and a friendly ball python.

Vanquished Creatures
  A leopard gecko (D:1)
  A bat (D:1)
  2 giant cockroaches (D:1)
  2 goblins (D:1)
  A hobgoblin (D:1)
  7 jackals (D:1)
  A frilled lizard (D:1)
  4 kobolds (D:1)
  A rat (D:1)
20 creatures vanquished.

Vanquished Creatures (collateral kills)
  A goblin (D:1)
  A jackal (D:1)
  A kobold (D:1)
3 creatures vanquished.

Grand Total: 23 creatures vanquished

Notes
Turn   | Place    | Note
-------+----------+-------------------------------------------
     0 | D:1      | HAL9000 the Draconian Transmuter began the quest for the Orb.
     0 | D:1      | Reached XP level 1. HP: 16/16 MP: 3/3
   218 | D:1      | Reached XP level 2. HP: 21/23 MP: 3/5
   223 | D:1      | Learned a level 2 spell: Sticks to Snakes
  1018 | D:1      | HP: 1/23 [poisoned by a goblin]
  1018 | D:1      | Slain by a bat

Vault maps used:
D:1:      onia_arrival_mini_spirals

Action                   || total
-------------------------++-------
Melee: Unarmed           ||    90
       Tailslap          ||     8
       Kick              ||     7
       Headbutt          ||     1
 Cast: Beastly Appendage ||    10
       Sticks to Snakes  ||     3
Armor: Skin              ||    32
Dodge: Dodged            ||    66
